 Dungeon Crawl Stone Soup version 0.32-a0-825-g0e82a1035d (webtiles) character file.

Game seed: 3052051988905380272

256 CoinPitGoblin the Chopper (level 5, -7/46 HPs)
             Began as a Mountain Dwarf Fighter on Mar 25, 2024.
             Was an Initiate of the Shining One.
             Mangled by a hornet (8 damage)
             ... on level 3 of the Dungeon.
             The game lasted 00:13:13 (3441 turns).

CoinPitGoblin the Chopper (Mountain Dwarf Fighter)  Turns: 3441, Time: 00:13:14

Health: -7/46      AC: 10    Str: 24    XL:     5   Next: 92%
Magic:  0/5        EV:  7    Int:  9    God:    the Shining One [......]
Gold:   175        SH:  4    Dex:  9    Spells: 4/4 levels left

rFire   . . .        a - +0 hand axe
rCold   . . .        c - +0 buckler
rNeg    . . .        i - +0 chain mail
rPois   .            (no helmet)
rElec   .            (no cloak)
rCorr   .            (no gloves)
SInv    .            k - +0 pair of boots
Will    .....        q - amulet "Isogga Udich" {Spirit Fly Str+4} Stlth
                     (no ring)
HPRegen 0.27/turn    (no ring)
MPRegen 0.09/turn

%: guardian spirit
@: flying, slowed, glowing, very slow
A: runic magic, artefact enchanting
a: Renounce Religion


You were on level 3 of the Dungeon.
You worshipped the Shining One.
The Shining One was noncommittal.
You visited 1 branch of the dungeon, and saw 4 of its levels.

You collected 175 gold pieces.

Inventory:

Hand Weapons
 a - a +0 hand axe (weapon)
 t - a +1 short sword of speed
Missiles
 l - 6 darts of dispersal (quivered)
 m - a throwing net
Armour
 c - a +0 buckler (worn)
 i - a +0 chain mail (worn)
 k - a +0 pair of boots (worn)
Jewellery
 n - an amulet of reflection
 p - an amulet of magic regeneration
 q - the amulet "Isogga Udich" (around neck) {Spirit Fly Str+4}
   (You found it on level 2 of the Dungeon)

   [amulet of guardian spirit]

   Spirit:    It causes incoming damage to be divided between your reserves of
   health and magic.
   Str+4:     It affects your strength (+4).
   Fly:       It grants you flight.
Scrolls
 s - a scroll of poison
 u - 2 scrolls of amnesia
Potions
 d - a potion of might
 g - 4 potions of haste
 j - a potion of brilliance
 o - a potion of magic
 r - a potion of enlightenment {unknown}


   Skills:
 + Level 4.1 Fighting
 + Level 5.3 Axes
 + Level 4.8 Armour
 + Level 3.9 Shields


You had 4 spell levels left.
You didn't know any spells.
Your spell library contained the following spells:

 Spells                   Type           Power      Damage    Failure   Level
 Apportation              Tloc           0%         N/A       58%         1
 Magic Dart               Conj           0%         1d3       58%         1
 Necrotise                Necr           0%         1d4       58%         1
 Slow                     Hex            0%         N/A       58%         1
 Sting                    Conj/Alch      0%         1d3       58%         1
 Summon Small Mammal      Summ           0%         N/A       58%         1
 Searing Ray              Conj           0%         2d4       73%         2
 Confusing Touch          Hex            0%         N/A       91%         3
 Summon Ice Beast         Ice/Summ       0%         N/A       91%         3
 Vampiric Draining        Necr           0%         2d6       91%         3
 Fulminant Prism          Conj/Alch      0%         3d5       100%        4
 Summon Mana Viper        Hex/Summ       0%         N/A       100%        5
 Monstrous Menagerie      Summ           0%         N/A       100%        7


Dungeon Overview and Level Annotations

Branches:
Dungeon (4/15)
 Temple: D:4-7

Altars:
Dithmenos
Nemelex Xobeh
The Shining One


Innate Abilities, Weirdness & Mutations

Your spellcasting is much less encumbered by armour.
You can use scrolls of enchantment on lesser artefacts.


Message History

The jelly hits you but does no damage.
You barely miss the iguana.
The iguana is heavily wounded.
You barely miss the jelly. The iguana bites you. You block the jelly's attack.
You barely miss the iguana.
The iguana is heavily wounded.
You hit the jelly.
Your hands burn!
The iguana bites you. The jelly hits you but does no damage.
The jelly hits you but does no damage. The hornet attacks as it pursues you!
The hornet completely misses you. You block the hornet's attack.
The hornet stings you!
You feel yourself slow down.
You feel yourself speed up. The hornet stings you!
You feel yourself slow down. The hornet barely misses you.
You feel yourself speed up.
The hornet stings you but does no damage.
The hornet stings you!
* * * LOW HITPOINT WARNING * * *
You feel yourself slow down.
The hornet stings you but does no damage.
You feel yourself speed up. The hornet stings you.
* * * LOW HITPOINT WARNING * * *
You feel yourself slow down. The jelly hits you but does no damage.
There is a stone staircase leading up here.
Okay, then.
The hornet stings you but does no damage.
The hornet barely misses you. The jelly hits you but does no damage.
You fly upwards.
There is a stone staircase leading down, spattered with blood here.
You closely miss the hornet. You hit the jelly.
Your hands burn!
* * * LOW HITPOINT WARNING * * *
You feel yourself speed up. The hornet stings you!
* * * LOW HITPOINT WARNING * * *
You feel yourself slow down. The jelly hits you but does no damage.
The hornet stings you but does no damage.
The jelly hits you but does no damage. The hornet stings you!
You die...

....# #)..########
.........†.#
#...######†###
##.## #.....# #.#
#.....##### #.#
#.........# ##+##
#.....###J# #...##
#.....# #@#
.....######### #y#
......## ##.###.#
.......####...##.#
#......'.<.....#.#
##.....####......#
_##...## ##.#.###
..##.## ###.#
'##### #.#


You could see a hornet and a jelly.

Vanquished Creatures
  A phantom (D:3)
  2 bombardier beetles
  Terence (D:2)
  2 adders (D:3)
  A white imp (D:3)
  A dart slug (D:1)
  An orc (D:3)
  4 endoplasms
  3 giant cockroaches
  10 hobgoblins
  A jackal (D:3)
  7 kobolds
  3 quokkas
  4 ball pythons
  4 bats
  5 frilled lizards
  6 goblins
  2 rats
58 creatures vanquished.

Notes
Turn   | Place    | Note
-------+----------+-------------------------------------------
     0 | D:1      | CoinPitGoblin the Mountain Dwarf Fighter began the quest
                  | for the Orb.
     0 | D:1      | Reached XP level 1. HP: 19/19 MP: 1/1
   354 | D:1      | Reached XP level 2. HP: 11/24 MP: 2/2
  1009 | D:2      | Reached skill level 3 in Axes
  1037 | D:2      | Noticed Terence
  1047 | D:2      | Reached XP level 3. HP: 22/33 MP: 3/3
  1059 | D:2      | Killed Terence
  1336 | D:2      | Identified the amulet "Isogga Udich" {Spirit Fly Str+4}
  1755 | D:3      | Noticed a phantom
  1781 | D:3      | Killed a phantom
  1782 | D:3      | Reached skill level 4 in Axes
  1782 | D:3      | Reached XP level 4. HP: 35/40 MP: 4/4
  1782 | D:3      | Reached XP level 5. HP: 40/46 MP: 5/5
  2654 | D:3      | Found a glowing golden altar of the Shining One.
  2656 | D:3      | Found a shadowy altar of Dithmenos.
  2660 | D:3      | Found a sparkling altar of Nemelex Xobeh.
  2872 | D:3      | Became a worshipper of the Shining One
  2992 | D:4      | Noticed a hornet
  3084 | D:3      | Reached skill level 5 in Axes
  3441 | D:3      | HP: 1/46 [hornet (8)]
  3441 | D:3      | Mangled by a hornet

Illustrated notes

Levels and vault maps discovered:
D:1:      roderic_octagonal_star, layout_basic
D:2:      layout_loops_ring, item_on_display_a, uniq_terence
D:3:      minmay_inner_zag, layout_loops_corners, grunt_temple_overflow_diamond
D:4:      layout_rooms, minmay_temple_entry_crystal_x

Skill      XL: |  1  2  3  4  5 |
---------------+----------------+-----
Axes           | 3 4 5 |  5.3
Armour         | 4 |  4.8
Fighting       | 4 |  4.1
Shields        | |  3.9

Action                     |  1- 3 |  4- 6 || total
---------------------------+-------+-------++-------
  Melee: War axe           |   128 |    64 ||   192
         Short sword       |       |    58 ||    58
         Hand axe          |       |    27 ||    27
    Use: Scroll            |     4 |     6 ||    10
         Potion            |     1 |     3 ||     4
 Armour: Scale mail        |    58 |       ||    58
         Chain mail        |    43 |   154 ||   197
  Dodge: Dodged            |    48 |    47 ||    95
  Block: Buckler           |    25 |    30 ||    55

Table legend: (Time is in decaauts)
 A = Elapsed time spent in this place.
 B = Non-inter-level travel time spent in this place.
 C = Inter-level travel time spent in this place.
 D = Time resting spent in this place.
 E = Time spent auto-exploring this place.
 F = Levels seen in this place.
 G = Mean time per level.
                   A        B        C        D        E       F      G
               +--------+--------+--------+--------+--------+-----+--------+
         Total |   3499 |   2977 |    522 |      0 |   2221 |   4 |  874.8 |
       Dungeon |   3499 |   2977 |    522 |      0 |   2221 |   4 |  874.8 |
               +--------+--------+--------+--------+--------+-----+--------+

Top non-repeatable levels by time:
     D:3: 1574 daAuts
     D:1: 882 daAuts
     D:2: 846 daAuts
     D:4: 196 daAuts
